 Dungeon Crawl Stone Soup version 0.30.0-19-g36f170ea60 (webtiles) character file.

Game seed: 14443875033296454790

137203 RascalDebosk the Eclecticist (level 17, -3/138 HPs)
             Began as a Djinni Conjurer on May 29, 2023.
             Was a Priest of Ashenzari.
             Constricted to death by a shambling mangrove (9 damage)
             ... on level 3 of the Swamp.
             The game lasted 03:20:32 (20888 turns).

RascalDebosk the Eclecticist (Djinni Conjurer)     Turns: 20888, Time: 03:20:33

Health: -3/138     AC: 20    Str:  6      XL:     17   Next: 82%
Gold:   1326       EV:  6    Int: 31 (32) God:    Ashenzari [***...] SH: 30 Dex: 14

rFire   + + .        l - +7 scimitar (flame)
rCold   x . .        L - +18 shield of the Gong {Loud rN+ Will+ rCorr EV-5}
rNeg    + . .        j - +4 troll leather armour "Ruined Incredulity" {Regen+, Self, Evo} (curse)
rPois   ∞            S - +1 helmet
rElec   .            X - +0 cloak
rCorr   +            m - +2 pair of gloves
SInv    +            (boots unavailable)
Will    ++...        K - amulet "Profound Elitism" {Regen+, Self, Melee} (curse)
Stlth   ++           s - ring "Eternal Heresy" {AC+4, Evo, Fort} (curse)
HPRegen 2.03/turn    I - ring of Apeoromancy {Int+6, Cun, Self} (curse)
MPRegen 0.00/turn

%: clarity, infuse magic (-4 HP)
@: grasped by roots, flying, constricted, studying Maces & Flails
A: sickness immunity, fire resistance 2, cold vulnerability 1, float, innate
caster, HP casting, extra vitality 1, inability to read after injury 1
a: Renounce Religion, Curse Item, Shatter the Chains


You were on level 3 of the Swamp.
You worshipped Ashenzari.
Ashenzari was most pleased with you.
You visited 5 branches of the dungeon, and saw 27 of its levels.
You also visited: Bailey and Gauntlet.

You collected 2670 gold pieces.
You spent 1344 gold pieces at shops.

Inventory:

Hand Weapons
 l - a +7 scimitar of flaming (weapon)
Armour
 j - the cursed +4 troll leather armour "Ruined Incredulity" (worn) {Regen+, Self, Evo}
   (You found it on level 10 of the Dungeon)

   Regen:     It increases your rate of health regeneration.
   It has a curse which improves the following skills: Introspection: Fighting
   and Spellcasting.
   Evocations: Evocations.
 m - a +2 pair of gloves (worn)
 L - the +18 shield of the Gong (worn) {Loud rN+ Will+ rCorr EV-5}
   (You found it on level 7 of the Dungeon)

   Loud:      It is deafeningly noisy when blocking attacks.
   EV:        It affects your evasion (-5).
   rN:        It protects you from negative energy.
   rCorr:     It protects you from acid and corrosion.
   Will:      It increases your willpower.
 S - a +1 helmet (worn)
 X - a +0 cloak (worn)
Jewellery
 s - the cursed ring "Eternal Heresy" (left hand) {AC+4, Evo, Fort}
   (You found it on level 3 of the Dungeon)

   [ring of protection]

   AC:        It affects your AC (+4).
   It has a curse which improves the following skills: Evocations: Evocations.
   Fortitude: Armour and Shields.
 u - a +4 ring of slaying
 I - the cursed ring of Apeoromancy (right hand) {Int+6, Cun, Self}
   (You found it on level 6 of the Dungeon)

   [ring of intelligence]

   Int:       It affects your intelligence (+6).
   It has a curse which improves the following skills: Cunning: Dodging and
   Stealth.
   Introspection: Fighting and Spellcasting.
 K - the cursed amulet "Profound Elitism" (around neck) {Regen+, Self, Melee}
   (You found it on level 7 of the Dungeon)

   [amulet of regeneration]

   Regen:     It increases your rate of health regeneration.
   It has a curse which improves the following skills: Introspection: Fighting
   and Spellcasting.
   Melee Combat: Short Blades, Long Blades, Axes, Maces & Flails, Polearms,
   Staves and Unarmed Combat.
 T - a ring of protection from cold
 U - a ring of positive energy
Wands
 i - a wand of digging (5)
 y - a wand of light (23)
 B - a wand of iceblast (36)
 G - a wand of paralysis (21)
 O - a wand of flame (33)
 P - a wand of polymorph (32)
 W - a wand of mindburst (7)
Scrolls
 b - 4 scrolls of fear
 d - 3 scrolls of enchant armour
 f - 5 scrolls of fog
 g - 9 scrolls of blinking
 o - 3 scrolls of silence
 p - 6 scrolls of noise
 t - 14 scrolls of teleportation
 w - a scroll of enchant weapon
 z - a scroll of magic mapping
 A - 2 scrolls of poison
 D - 4 scrolls of vulnerability
 J - 3 scrolls of summoning
 M - a scroll of torment
 Q - 3 scrolls of immolation
Potions
 a - 4 potions of ambrosia
 c - 8 potions of lignification
 e - 3 potions of mutation
 h - 2 potions of cancellation
 k - 11 potions of heal wounds
 n - 18 potions of curing
 q - 7 potions of attraction
 r - 3 potions of haste
 v - 2 potions of resistance
 x - 3 potions of berserk rage
 E - 6 potions of invisibility
 N - 5 potions of might
 R - 4 potions of brilliance
Miscellaneous
 C - a lightning rod (4/4)
 F - a phial of floods
 H - a phantom mirror
 V - a condenser vane


   Skills:
 + Level 15.1(18.0) Fighting
 + Level 8.6(10.1) Long Blades
 - Level 7.2(8.8) Armour
 + Level 9.5(11.0) Dodging
 - Level 1.5(2.6) Stealth
 - Level 10.6(12.1) Shields
 * Level 17.1(19.9) Spellcasting
 - Level 4.0(6.0) Evocations


You knew the following spells:

 Your Spells              Type           Power      Damage    Failure   Level
a - Magic Dart            Conj           100%       1d8       0%          1
b - Searing Ray           Conj           100%       2d8       0%          2
c - Dazzling Flash        Conj/Hex       100%       N/A       0%          3
d - Fulminant Prism       Conj/Hex       50%        3d22      0%          4
e - Iskenderun's Mystic   Conj/Tloc      100%       2d19      0%          4
f - Summon Small Mammal   Summ           100%       N/A       0%          1
g - Poisonous Vapours     Pois/Air       100%       N/A       0%          2
h - Ignite Poison         Fire/Tmut/Pois 100%       N/A       0%          3
i - Anguish               Hex/Necr       50%        N/A       0%          4
j - Freezing Cloud        Conj/Ice/Air   50%        6-21      1%          5
k - Alistair's Intoxicat  Tmut/Pois      67%        N/A       1%          5
l - Statue Form           Tmut/Erth      67%        N/A       1%          6
m - Simulacrum            Ice/Necr       50%        N/A       1%          6
Your spell library was empty.

Dungeon Overview and Level Annotations

Branches:
Dungeon (15/15)            Temple (1/1) D:7            Lair (5/5) D:10
  Swamp (4/4) Lair:2        Snake (0/4) Lair:2        Slime (0/5) Lair:4
    Orc (2/2) D:10            Elf (0/3) Orc:2        Vaults (0/5) D:13
 Depths (0/4) D:15         Bailey (visited)         Gauntlet (visited)

Altars:
Ashenzari
Cheibriados
Dithmenos
Elyvilon
Fedhas
Gozag
Hepliaklqana
Makhleb
Okawaru
Qazlal
Ru
Trog
Uskayaw
Wu Jian
Yredelemnul
Zin
The Shining One

Shops:
D:2 :   D:10 !   Orc:2 *?!=(**!

Annotations:
D:4 3 runed translucent doors, tizbic2's ghost, novice OgWr
D:10 1 runed translucent door
D:11 1 runed translucent door, Esekla's ghost, journeyman DENe
D:14 3 runed translucent doors, Jogov's ghost, journeyman DgHW
D:15 2 runed translucent doors, Triskal's ghost, journeyman FoFi


Innate Abilities, Weirdness & Mutations

You are immune to sickness and miasma.
You are immune to poison.
Your flesh is very heat resistant. (rF++)
You are vulnerable to cold. (rC-)
You float through the air rather than walking.
You learn spells naturally, not from books.
Your magical power is your life essence.
You have superior vitality. (+4 MHP)
You occasionally lose the ability to read scrolls when taking damage.


Message History

BOUMMMMG!
The grasping roots constrict you!
* * * LOW HITPOINT WARNING * * *
The swamp worm fires a harpoon shot at you.
You block the harpoon shot.
GONNNNG!
The swamp worm bites you but does no damage.
You hear a shout! x2
Casting: Simulacrum (mildly dangerous; 1% risk of failure)
Confirm with . or Enter, or press ? or * to list all spells.
You erupt in a blast of force!
The mystic blast hits the swamp worm but does no damage.
The swamp worm is severely wounded.
* * * LOW HITPOINT WARNING * * *
An orange demon comes into view.
You block the swamp worm's attack.
GONNNNG!
You hear a shout! x3
Casting: Iskenderun's Mystic Blast (safe; 1% risk of failure)
Confirm with . or Enter, or press ? or * to list all spells.
You erupt in a blast of force!
The mystic blast hits the spriggan druid!
The spriggan druid is moderately wounded.
The spriggan druid is knocked back by the mystic blast.
The mystic blast hits the swamp worm!!
The swamp worm is severely wounded.
The swamp worm is knocked back by the mystic blast.
The swamp worm slams into the mangrove!
You kill the swamp worm!
The mystic blast hits the swamp worm!!
You kill the swamp worm!
A freezing mist starts to gather...
* * * LOW HITPOINT WARNING * * *
A freezing mist starts to gather...
The grasping roots constrict you!
* * * LOW HITPOINT WARNING * * *
You escape the roots grasp.
The neqoxec gestures at you.
Strange energies course through your body.
You occasionally lose the ability to read scrolls when taking damage.
The neqoxec barely misses your death drake simulacrum.
Your swamp worm simulacrum bites the neqoxec.
The neqoxec dies!
Your death drake simulacrum bites the shambling mangrove but does no damage.
Your swamp worm simulacrum bites the spriggan druid.
Your swamp worm simulacrum freezes the spriggan druid!
Your death drake simulacrum barely misses the shambling mangrove.
The spriggan druid hits your swamp worm simulacrum with a +0 quarterstaff!
Roots burst forth from the earth!
The grasping roots grab you! The grasping roots constrict you!
* * * LOW HITPOINT WARNING * * *
There is a stone staircase leading up here.
Casting: Iskenderun's Mystic Blast (safe; 1% risk of failure)
Confirm with . or Enter, or press ? or * to list all spells.
Aiming: Poisonous Vapours (safe; 0% risk of failure)
Press: ? - help, Dir - move target, f - orange demon
Aim: an orange demon Poisonous vapours surround the orange demon!
The orange demon is poisoned.
* * * LOW HITPOINT WARNING * * *
Your death drake simulacrum bites the shambling mangrove.
Your death drake simulacrum freezes the shambling mangrove!!
Your swamp worm simulacrum bites the spriggan druid!
Your swamp worm simulacrum freezes the spriggan druid!
The spriggan druid dies!
You hear a splash. x2
The grasping roots constrict you!
* * * LOW HITPOINT WARNING * * *
You escape the roots grasp.
The shambling mangrove barely misses you.
You fly upwards.
There is a stone staircase leading down here.
Casting: Poisonous Vapours (safe; 0% risk of failure)
Confirm with . or Enter, or press ? or * to list all spells.
You erupt in a blast of force!
The mystic blast hits the shambling mangrove!!
The shambling mangrove is heavily damaged.
The shambling mangrove is knocked back by the mystic blast.
The shambling mangrove slams into the mangrove!
The shambling mangrove is severely damaged.
* * * LOW HITPOINT WARNING * * *
Casting: Iskenderun's Mystic Blast (safe; 0% risk of failure)
Confirm with . or Enter, or press ? or * to list all spells.
You erupt in a blast of force!
The mystic blast hits the shambling mangrove.
The shambling mangrove is severely damaged.
The shambling mangrove is knocked back by the mystic blast.
* * * LOW HITPOINT WARNING * * *
Casting: Iskenderun's Mystic Blast (safe; 0% risk of failure)
Confirm with . or Enter, or press ? or * to list all spells.
You erupt in a blast of force!
The mystic blast hits the shambling mangrove!
The shambling mangrove is severely damaged.
The shambling mangrove is knocked back by the mystic blast.
The shambling mangrove slams into the mangrove!
The shambling mangrove is almost destroyed.
* * * LOW HITPOINT WARNING * * *
Roots burst forth from the earth!
The grasping roots grab you! The grasping roots constrict you!
You die...

♣~♣~~..~~♣♣ ♣♣.♣♣
♣♣..♣~~~..
♣♣~..~....♣ ♣.♣♣
♣♣♣~.~~~.
♣♣.♣♣...~♣ ♣♣♣
♣♣♣♣(~~~§~~
♣♣♣♣♣♣..♣♣♣
♣♣♣..~~~~~~.~
♣♣.~..♣♣
♣♣♣..~~~.~♣♣~~~
♣.~~...♣
♣♣f~.§§♣~.~~~♣..
♣♣..♣♣.♣♣
♣♣♣.....~~~~~~..~~
♣...♣♣♣♣
♣.>.†♣♣♣....~~~§..
♣♣.♣♣ ♣@.♣♣♣
♣♣...~~§~§. ♣♣♣
♣.♣♣ ♣♣.~♣~~...
♣♣♣ ♣♣§~♣..~.
♣..~~~§. ♣.~~.§~~
♣♣~~~~~.~
♣.~§~.~~§
♣♣~.~~~~~ ♣....~~~


You could see a shambling mangrove.

Vanquished Creatures
  Jorgrun (Swamp:2)
  Frances (D:14)
  Agnes (D:14)
  Roxanne (D:14)
  2 ghouls (Swamp:3)
  A stone giant (D:15)
  2 eleionomae
  2 bunyips (Swamp:1)
  An entropy weaver (shapeshifter) (D:15)
  10 centaur warriors
  12 hydras
  Erica (Lair:2)
  4 ogre magi
  A boulder beetle (D:14)
  4 death yaks (Lair:2)
  16 two-headed ogres
  An alligator (Swamp:1)
  2 tengu warriors (D:15)
  An orc high priest (Orc:2)
  A skyshark (Lair:5)
  6 skeletal warriors
  6 goliath frogs
  A death drake (Swamp:4)
  5 deep trolls
  An obsidian statue (D:12)
  3 swamp dragons
  4 spriggan druids
  A bog body (Swamp:4)
  4 orc knights
  A wizard (D:10)
  Pikel (D:8)
  7 ugly things
  4 manticores
  An oklob plant (Lair:5)
  5 cyclopes
  An orc sorcerer (Orc:1)
  3 deep elf pyromancers
  2 will-o-the-wisps (Swamp:3)
  5 black mambas
  A torpor snail (Lair:4)
  11 elephants
  2 vault sentinels (D:7)
  Joseph (D:8)
  2 gargoyles (D:12)
  An unseen horror (D:13)
  18 cane toads
  Psyche (D:8)
  11 komodo dragons
  2 freezing wraiths
  A rime drake (Lair:3)
  A merfolk (shapeshifter) (D:10)
  5 tyrant leeches
  A meliai (D:10)
  13 trolls
  9 polar bears
  15 hornets
  7 blink frogs
  A dream sheep (Lair:5)
  Sigmund (D:5)
  6 slime creatures (D:14)
  A shadow (D:10)
  A wraith (D:12)
  2 wyverns
  A centaur simulacrum (D:14)
  31 spriggans
  A vampire (D:14)
  48 yaks
  2 basilisks
  Grum (Lair:1)
  19 vampire mosquitoes
  12 swamp worms
  4 nagas (Lair:2)
  5 wargs
  3 acid dragons
  6 water moccasins
  Duvessa (D:5)
  9 black bears
  20 orc warriors
  4 swamp drakes
  An ice beast (D:6)
  29 ogres
  4 sky beasts
  4 boggarts (Lair:5)
  23 wolves
  14 centaurs
  Blork the orc (D:4)
  3 necrophages (Swamp:3)
  7 bullfrogs
  3 scorpions
  10 wights
  Dowan (D:5)
  5 killer bees
  An electric eel (Lair:1)
  4 howler monkeys
  4 hounds
  A gnoll bouda (D:8)
  12 orc priests
  14 jellies
  A sleepcap (D:7)
  Ijyb (D:5)
  8 iguanas
  21 orc wizards
  12 hell rats
  8 gnolls (D:8)
  8 adders
  A shadow imp (D:6)
  A white imp (D:8)
  3 worms
  A dart slug (D:1)
  71 orcs
  9 endoplasms
  5 giant cockroaches
  7 goblins
  9 hobgoblins
  4 jackals (D:4)
  3 quokkas
  6 ball pythons
  4 bats
  A frilled lizard (D:1)
  5 kobolds
  4 rats
741 creatures vanquished.

Vanquished Creatures (collateral kills)
  A thorn hunter (Swamp:3)
  An eleionoma (Swamp:2)
  A bunyip (Swamp:2)
  A hydra (Swamp:3)
  2 alligators (Swamp:2)
  A spriggan druid (Swamp:4)
  A swamp dragon (Swamp:2)
  3 bog bodies
  4 will-o-the-wisps
  A neqoxec (Swamp:4)
  3 swamp worms (Swamp:2)
19 creatures vanquished.

Vanquished Creatures (others)
  A bunyip (Swamp:3)
  A bloated husk (Swamp:3)
  23 foxfires (Swamp:3)
  65 fulminant prisms
90 creatures vanquished.

Grand Total: 850 creatures vanquished

Notes
Turn   | Place    | Note
-------+----------+-------------------------------------------
     0 | D:1      | RascalDebosk the Djinni Conjurer began the quest for the
                  | Orb.
     0 | D:1      | RascalDebosk set off with the following spells memorised:
                  | Magic Dart, Searing Ray, Dazzling Flash, Fulminant Prism,
                  | Iskenderun's Mystic Blast.
     0 | D:1      | Reached XP level 1. HP: 15/15 MP: 0/0
     2 | D:1      | Noticed a spriggan
     2 | D:1      | Noticed a gargoyle
     4 | D:1      | Noticed an armataur
     4 | D:1      | Noticed a formicid
     6 | D:1      | Noticed a ghoul
     6 | D:1      | Noticed a demigod
     8 | D:1      | Noticed an octopode
     8 | D:1      | Noticed an elf
    12 | D:1      | Noticed a merfolk
    12 | D:1      | Noticed a demonspawn
    14 | D:1      | Noticed a naga
    14 | D:1      | Noticed a tengu
    16 | D:1      | Noticed a vampire
    18 | D:1      | Noticed a minotaur
    18 | D:1      | Noticed a troll
    20 | D:1      | Noticed a meteoran
    20 | D:1      | Noticed a human
    22 | D:1      | Noticed an ogre
    22 | D:1      | Noticed a felid
    24 | D:1      | Noticed a demigod
    24 | D:1      | Noticed a vine stalker
    27 | D:1      | Noticed a demigod
    27 | D:1      | Noticed a minotaur
   100 | D:1      | Found a faded altar of an unknown god.
   145 | D:1      | Reached XP level 2. HP: 20/21 MP: 0/0
   529 | D:1      | Reached XP level 3. HP: 22/25 MP: 0/0
   529 | D:1      | Learned a level 1 spell: Summon Small Mammal
   717 | D:2      | Reached skill level 4 in Spellcasting
   947 | D:2      | Reached XP level 4. HP: 28/31 MP: 0/0
   971 | D:2      | Found a glowing silver altar of Zin.
  1126 | D:2      | Found Liatay's Book Emporium.
  1537 | D:3      | Found a snail-covered altar of Cheibriados.
  1618 | D:3      | Noticed a scorpion
  1625 | D:3      | Killed a scorpion
  1626 | D:3      | Reached XP level 5. HP: 28/35 MP: 0/0
  1626 | D:3      | Learned a level 2 spell: Poisonous Vapours
  1665 | D:3      | Found a glowing silver altar of Zin.
  2032 | D:4      | Noticed a black bear
  2043 | D:4      | Killed a black bear
  2044 | D:4      | Reached skill level 1 in Fighting
  2044 | D:4      | Reached skill level 1 in Armour
  2044 | D:4      | Reached skill level 1 in Shields
  2044 | D:4      | Reached skill level 5 in Spellcasting
  2044 | D:4      | Reached XP level 6. HP: 38/42 MP: 0/0
  2066 | D:4      | Noticed a black bear
  2073 | D:4      | Killed a black bear
  2091 | D:4      | Reached XP level 7. HP: 10/48 MP: 0/0
  2091 | D:4      | Learned a level 3 spell: Ignite Poison
  2631 | D:4      | Found a glowing golden altar of the Shining One.
  2705 | D:4      | Found a runed translucent gate.
  2705 | D:4      | Found a runed translucent gate.
  2705 | D:4      | Found a runed translucent gate.
  2707 | D:4      | Noticed tizbic2's ghost (novice OgWr)
  2732 | D:4      | Noticed Blork the orc
  2742 | D:4      | Killed Blork the orc
  2995 | D:5      | Entered Level 5 of the Dungeon
  3012 | D:5      | Noticed Ijyb
  3014 | D:5      | Killed Ijyb
  3146 | D:5      | Noticed a water moccasin
  3152 | D:5      | Killed a water moccasin
  3153 | D:5      | Reached XP level 8. HP: 48/55 MP: 0/0
  3155 | D:5      | Noticed Duvessa
  3159 | D:5      | Noticed Dowan
  3161 | D:5      | Killed Duvessa
  3162 | D:5      | Reached skill level 6 in Spellcasting
  3164 | D:5      | Killed Dowan
  3342 | D:5      | Noticed Sigmund
  3345 | D:5      | Killed Sigmund
  3680 | D:5      | Found an iron altar of Okawaru.
  3784 | D:6      | Reached XP level 9. HP: 57/62 MP: 0/0
  3784 | D:6      | Learned a level 4 spell: Anguish
  4082 | D:6      | Reached skill level 7 in Spellcasting
  4661 | D:7      | Reached skill level 1 in Long Blades
  4661 | D:7      | Reached skill level 1 in Evocations
  4753 | D:7      | Found a staircase to the Ecumenical Temple.
  4762 | Temple   | Entered the Ecumenical Temple
  4775 | Temple   | Became a worshipper of Ashenzari the Shackled
  5011 | D:7      | Noticed a vault sentinel
  5011 | D:7      | Noticed a vault sentinel
  5015 | D:7      | Killed a vault sentinel
  5017 | D:7      | Killed a vault sentinel
  5018 | D:7      | Reached skill level 5 in Fighting
  5023 | D:7      | Found the +18 shield of the Gong {Loud rN+ Will+ rCorr
                  | EV-5}
  5485 | D:7      | Found an ornate altar of the Wu Jian Council.
  5489 | D:7      | Reached XP level 10. HP: 67/70 MP: 0/0
  5643 | D:8      | Noticed Pikel
  5648 | D:8      | Killed Pikel
  5649 | D:8      | Reached skill level 8 in Spellcasting
  5792 | D:8      | Found a flagged portal.
  5801 | Bailey   | Entered a bailey
  5838 | Bailey   | Reached skill level 5 in Shields
  5838 | Bailey   | Noticed a two-headed ogre
  5841 | Bailey   | Killed a two-headed ogre
  5959 | Bailey   | Reached XP level 11. HP: 70/78 MP: 0/0
  5959 | Bailey   | Learned a level 5 spell: Freezing Cloud
  6086 | D:8      | Reached skill level 9 in Spellcasting
  6198 | D:8      | Noticed Psyche
  6200 | D:8      | Killed Psyche
  6201 | D:8      | Reached skill level 5 in Armour
  6584 | D:8      | Noticed Joseph
  6586 | D:8      | Killed Joseph
  6759 | D:8      | Found a hazy altar of Hepliaklqana.
  7029 | D:9      | Found a stormy altar of Qazlal.
  7220 | D:9      | Reached * piety under Ashenzari
  7562 | D:10     | Entered Level 10 of the Dungeon
  7606 | D:10     | Noticed a centaur warrior
  7607 | D:10     | Killed a centaur warrior
  7619 | D:10     | Found a staircase to the Lair.
  7622 | D:10     | Noticed a six-headed hydra
  7630 | D:10     | Killed a six-headed hydra
  7630 | D:10     | Noticed a deep elf pyromancer
  7633 | D:10     | Killed a deep elf pyromancer
  7664 | D:10     | Identified the +1 robe "Zipis" {-Tele rPois rN+++ rCorr}
  7678 | D:10     | Noticed an orc knight
  7684 | D:10     | Noticed a centaur warrior
  7685 | D:10     | Noticed a deep elf pyromancer
  7734 | D:10     | Noticed a centaur warrior
  7735 | D:10     | Found a runed translucent door.
  7735 | D:10     | Noticed a wizard
  7738 | D:10     | Killed a wizard
  7739 | D:10     | Reached skill level 10 in Spellcasting
  7743 | D:10     | Killed a centaur warrior
  7744 | D:10     | Reached XP level 12. HP: 86/88 MP: 0/0
  7745 | D:10     | Noticed a deep troll
  7749 | D:10     | Killed a deep troll
  7920 | D:10     | Found a burning altar of Makhleb.
  7977 | D:10     | Found Owneeqec's Distillery.
  8013 | D:10     | Noticed a deep troll
  8015 | D:10     | Killed a deep troll
  8061 | D:10     | Identified the +0 cloak of Pyelloch {Fly rPois rC- rCorr}
  8082 | D:10     | Noticed a centaur warrior
  8084 | D:10     | Killed a centaur warrior
  8156 | D:10     | Noticed a deep troll
  8160 | D:10     | Killed a deep troll
  8199 | D:10     | Found the necklace of Bloodlust {Fury *Rage Will++ Int-3
                  | Slay+6}
  8349 | D:10     | Noticed a two-headed ogre
  8357 | D:10     | Killed a two-headed ogre
  8373 | D:10     | Found a staircase to the Orcish Mines.
  8483 | D:11     | Noticed a two-headed ogre
  8487 | D:11     | Killed a two-headed ogre
  8556 | D:11     | Found a runed translucent door.
  8558 | D:11     | Noticed Esekla's ghost (journeyman DENe)
  8558 | D:11     | Identified the Collected Works on Tephra
  8662 | D:11     | Reached skill level 11 in Spellcasting
  8703 | D:11     | Reached ** piety under Ashenzari
  9164 | D:12     | Reached XP level 13. HP: 98/98 MP: 0/0
  9164 | D:12     | Learned a level 5 spell: Alistair's Intoxication
  9351 | D:12     | Noticed a centaur warrior
  9370 | D:12     | Killed a centaur warrior
 10059 | D:13     | Noticed a centaur warrior
 10067 | D:13     | Killed a centaur warrior
 10101 | D:13     | Found a gate leading to a gauntlet.
 10105 | D:13     | Noticed a centaur warrior
 10108 | D:13     | Killed a centaur warrior
 10117 | Gauntlet | Entered a Gauntlet
 10117 | Gauntlet | Found a transporter.
 10117 | Gauntlet | Found a transporter.
 10117 | Gauntlet | Found a transporter.
 10135 | Gauntlet | Found a transporter.
 10139 | Gauntlet | Found a transporter.
 10151 | Gauntlet | Found a transporter.
 10151 | Gauntlet | Noticed a hell beast
 10153 | Gauntlet | Found a transporter.
 10153 | Gauntlet | Identified the +1 pair of boots of Fidunt {*Slow Int+5}
 10155 | Gauntlet | Found a large runed translucent door.
 10156 | Gauntlet | Found a large runed translucent door.
 10157 | Gauntlet | Found a large runed translucent door.
 10157 | Gauntlet | Found a large runed translucent door.
 10157 | Gauntlet | Found a runed translucent door.
 10157 | Gauntlet | Found a runed translucent door.
 10158 | Gauntlet | Found a large runed translucent door.
 10159 | Gauntlet | Found a large runed translucent door.
 10160 | Gauntlet | Found a large runed translucent door.
 10160 | Gauntlet | Found a large runed translucent door.
 10161 | Gauntlet | Found a runed translucent gate.
 10161 | Gauntlet | Found a runed translucent gate.
 10161 | Gauntlet | Found a runed translucent gate.
 10163 | Gauntlet | Found a transporter.
 10172 | Gauntlet | Found a large runed translucent door.
 10172 | Gauntlet | Found a large runed translucent door.
 10173 | Gauntlet | Found a large runed translucent door.
 10174 | Gauntlet | Found a large runed translucent door.
 10180 | Gauntlet | Identified the +1 cloak of Mirth {rF+ Dex+2}
 10183 | Gauntlet | Found a large runed translucent door.
 10183 | Gauntlet | Found a large runed translucent door.
 10184 | Gauntlet | Found a large runed translucent door.
 10185 | Gauntlet | Found a large runed translucent door.
 10186 | Gauntlet | Found a transporter.
 10187 | Gauntlet | Found a transporter.
 10191 | Gauntlet | Found a transporter.
 10191 | Gauntlet | Found the +13 scythe of Curses {drain, curses, Drain}
 10191 | Gauntlet | Identified the ring "Sadd" {Will+ MP+9}
 10201 | Gauntlet | Found a transporter.
 10700 | D:13     | Found a gate to the Vaults.
 10726 | D:13     | Noticed an ogre mage
 10729 | D:13     | Killed an ogre mage
 10730 | D:13     | Reached skill level 10 in Fighting
 10730 | D:13     | Reached skill level 12 in Spellcasting
 10869 | D:14     | Noticed a centaur warrior
 10874 | D:14     | Killed a centaur warrior
 10878 | D:14     | Noticed Agnes
 10881 | D:14     | Noticed a centaur warrior
 10882 | D:14     | Killed Agnes
 10885 | D:14     | Killed a centaur warrior
 10886 | D:14     | Reached skill level 5 in Long Blades
 10939 | D:14     | Reached XP level 14. HP: 98/107 MP: 0/0
 10966 | D:14     | Noticed Frances
 10976 | D:14     | Reached skill level 10 in Shields
 10983 | D:14     | Killed Frances
 11052 | D:14     | Noticed a fire giant
 11054 | D:14     | Noticed Jogov's ghost (journeyman DgHW)
 11063 | D:14     | Found a runed translucent gate.
 11063 | D:14     | Found a runed translucent gate.
 11065 | D:14     | Found a runed translucent gate.
 11104 | D:14     | Noticed Roxanne
 11131 | D:14     | Killed Roxanne
 11449 | D:15     | Entered Level 15 of the Dungeon
 11544 | D:15     | Found a large runed translucent door.
 11544 | D:15     | Found a large runed translucent door.
 11814 | D:2      | Bought a manual of Spellcasting for 1120 gold pieces
 12065 | D:15     | Reached skill level 13 in Spellcasting
 12251 | D:15     | Noticed a stone giant
 12255 | D:15     | Killed a stone giant
 12282 | D:15     | Found a staircase to the Depths.
 12376 | D:15     | Noticed Triskal's ghost (journeyman FoFi)
 12653 | Orc:1    | Entered Level 1 of the Orcish Mines
 12825 | Orc:2    | Entered Level 2 of the Orcish Mines
 12825 | Orc:2    | Found Exoacs's Weapon Shoppe.
 12933 | Orc:1    | Reached XP level 15. HP: 97/115 MP: 0/0
 12933 | Orc:1    | Learned a level 6 spell: Statue Form
 13364 | Orc:2    | Found Zionoc's Distillery.
 13387 | Orc:2    | Found a staircase to the Elven Halls.
 13428 | Orc:2    | Found Raru's General Store.
 13679 | Orc:2    | Found Faod's Jewellery Shoppe.
 13707 | Orc:2    | Reached skill level 14 in Spellcasting
 13775 | Orc:2    | Found Judesiyt's Magic Scroll Shop.
 13779 | Orc:2    | Found Ucsanoekh's Assorted Antiques.
 13781 | Orc:2    | Found Amass's Distillery.
 13803 | Orc:2    | Bought a scroll of brand weapon for 104 gold pieces
 13818 | Orc:2    | Found Venonnunk's General Store.
 13826 | Orc:2    | Bought a potion of invisibility for 120 gold pieces
 14061 | Lair:1   | Entered Level 1 of the Lair of Beasts
 14203 | Lair:1   | Reached *** piety under Ashenzari
 14368 | Lair:1   | Reached skill level 5 in Dodging
 14379 | Lair:1   | Noticed Grum
 14382 | Lair:1   | Killed Grum
 14861 | Lair:2   | Noticed Erica
 14864 | Lair:2   | Killed Erica
 14895 | Lair:2   | Reached skill level 15 in Spellcasting
 14922 | Lair:2   | Found a staircase to the Snake Pit.
 15126 | Lair:2   | Found a staircase to the Swamp.
 15627 | Lair:3   | Reached XP level 16. HP: 127/128 MP: 0/0
 16957 | Lair:4   | Found a staircase to the Slime Pits.
 17172 | Lair:5   | Entered Level 5 of the Lair of Beasts
 17420 | Lair:5   | Reached skill level 16 in Spellcasting
 18467 | Swamp:1  | Entered Level 1 of the Swamp
 18546 | Swamp:1  | Reached XP level 17. HP: 57/137 MP: 0/0
 18546 | Swamp:1  | Learned a level 6 spell: Simulacrum
 19288 | Swamp:2  | Noticed Jorgrun
 19295 | Swamp:2  | Killed Jorgrun
 19373 | Swamp:2  | Identified the cursed +4 troll leather armour "Ruined
                  | Incredulity" {Regen+, Self, Evo} (You found it on level 10
                  | of the Dungeon)
 19864 | Swamp:3  | Noticed a thorn hunter
 19866 | Swamp:3  | Killed a thorn hunter
 19974 | Swamp:3  | Reached skill level 15 in Fighting
 20407 | Swamp:3  | Reached skill level 17 in Spellcasting
 20716 | Swamp:4  | Entered Level 4 of the Swamp
 20876 | Swamp:4  | Gained mutation: You occasionally lose the ability to read
                  | scrolls when taking damage. [a neqoxec]
 20880 | Swamp:4  | HP: 1/138 [constriction (14)]
 20888 | Swamp:3  | Constricted to death by a shambling mangrove

Illustrated notes

Levels and vault maps discovered:
D:1:      kb_arrival_jail, layout_basic, ebering_ecumenical_altar_ruins
D:2:      layout_loops_ring, serial_shops, nicolae_shop_window_shopping,
          basic_altar, feat_on_display
D:3:      layout_rooms, nicolae_overflow_crystal_walls, cheibrodos_worm_habitat
D:4:      layout_rooms, nicolae_overflow_hidden_temple, tso_oasis_becter,
          gammafunk_ghost_nasty_kobolds, uniq_blork_the_orc
D:5:      layout_cave_pools, general_overflow_altar, uniq_duvessa, uniq_sigmund,
          uniq_ijyb
D:6:      layout_basic, hangedman_glass_garden, minmay_misc_feat_room,
          grunt_decor_mini_mirrors, lemuel_flamethrower_1
D:7:      layout_loops_corners, nicolae_wu_jian_immortal_techniques,
          minmay_temple_entry_mini_moons, hellmonk_guarded_unrand_gong
D:8:      layout_loops_ring, vehumet_altar_wand_db,
          gammafunk_temple_overflow_wave, enter_bailey_7, uniq_psyche,
          uniq_pikel, uniq_joseph
D:9:      layout_long_grid, amcnicky_altar_gilded
D:10:     minmay_the_grid_triangle_9x9_rhombus_thin_mashed
          [minmay_the_grid_triangle_9x9_empty,
          minmay_the_grid_triangle_9x9_prize_schism,
          minmay_the_grid_triangle_9x9_subtriangle,
          minmay_the_grid_triangle_9x9_intruding_spiral], layout_loops_ring,
          mainiacjoe_overflow_brackets, grunt_lair_entry_orc_guard_hut,
          erik_orc_1, serial_shops, shop,
          hellmonk_guarded_unrand_vitality_bloodlust
D:11:     layout_roguey, hellmonk_ghost_big_iron, grunt_decor_arrowhead
D:12:     layout_basic, minivault_16
D:13:     layout_loops_ring, david_vaults_2, gauntlet_entry_generic
D:14:     layout_rooms, minmay_staircase_statues, gammafunk_ghost_split,
          serial_corexii_hall, corexii_hall_statues_l,
          chequers_hall_statues_corner_a, uniq_agnes, uniq_roxanne, uniq_frances
D:15:     grunt_enter_depths_snipers, layout_cave_pools,
          ebering_ghost_disaster_area, hangedman_decor_lopped
Temple:   zaba_magenta_temple
Lair:1:   beast_lair_carwin_large_3, layout_misc_corridors,
          serial_bayou_shore_a, uniq_grum
Lair:2:   layout_misc_corridors, minmay_swamp_entry_worms,
          minmay_snake_entry_guardpost_small, grunt_megastairs_5, uniq_erica
Lair:3:   layout_cave_pods, cheibrodos_lair_lostbears
Lair:4:   layout_misc_corridors, minmay_slime_entry_jelly_boxes,
          grunt_forest_small_clearing_treed, lemuel_fruit_tree,
          infiniplex_staircase_pool
Lair:5:   minmay_lair_end_enchanted_forest, layout_gridlike
Swamp:1:  layout_basic_swamp, nicolae_swamp_bean_lake
Swamp:2:  layout_basic_swamp, nicolae_swamp_well_well_well, uniq_jorgrun
Swamp:3:  layout_falls_marsh, nicolae_swamp_trees_clearing,
          nzn_swamp_dancing_lights
Swamp:4:  nzn_swamp_witches_coven, layout_basic_swamp
Orc:1:    layout_caves
Orc:2:    st_orc_open, layout_diamond_mine, serial_shops, nicolae_shop_stone,
          nicolae_shop_hallway_plus, nicolae_shop_peninsula, shop,
          kennysheep_orc_chapel

Skill      XL: |  1  2  3  4  5  6  7  8  9 10 11 12 13 14 15 16 17 |
---------------+----------------------------------------------------+-----
Spellcasting   | 4 5 6 7 8 10 11 12 13 15 16 17 | 17.1
Fighting       | 1 2 3 5 6 7 9 10 11 13 14 15 | 15.1
Armour         | 1 2 3 4 6 7 |  7.2
Shields        | 1 2 3 4 5 7 8 9 10 | 10.6
Long Blades    | 2 5 6 7 8 |  8.6
Evocations     | 2 4 |  4.0
Dodging        | 5 8 9 |  9.5
Stealth        | |  1.5

Action                     |  1- 3 |  4- 6 |  7- 9 | 10-12 | 13-15 | 16-18 || total
---------------------------+-------+-------+-------+-------+-------+-------++-------
  Melee: Short sword       |     1 |       |       |       |       |       ||     1
         Falchion          |       |     2 |    16 |    10 |    12 |       ||    40
         Punch             |       |       |     1 |       |       |       ||     1
         Scimitar          |       |       |       |       |     6 |    26 ||    32
   Cast: Magic Dart        |    51 |    63 |    67 |    42 |     9 |     5 ||   237
         Summon Small Mamm |     2 |     4 |     5 |     2 |     2 |       ||    15
         Searing Ray       |     2 |     3 |     3 |     9 |    13 |     7 ||    37
         Fulminant Prism   |       |     1 |     2 |     9 |    42 |    11 ||    65
         Iskenderun's Myst |       |     4 |    22 |    20 |    90 |    75 ||   211
         Poisonous Vapours |       |     2 |    33 |   124 |   190 |   150 ||   499
         Ignite Poison     |       |       |    21 |    82 |   121 |   105 ||   329
         Freezing Cloud    |       |       |       |     5 |    24 |    68 ||    97
         Anguish           |       |       |       |     1 |       |       ||     1
         Statue Form       |       |       |       |       |     1 |     1 ||     2
         Alistair's Intoxi |       |       |       |       |     1 |       ||     1
         Simulacrum        |       |       |       |       |       |    19 ||    19
 Invoke: Curse Item        |       |       |       |     3 |     1 |       ||     4
    Use: Scroll            |       |       |       |       |    11 |     1 ||    12
         Potion            |       |       |       |       |     1 |       ||     1
   Stab: Distracted        |       |       |     2 |       |       |       ||     2
         Sleeping          |       |       |       |       |       |     1 ||     1
 Armour: Robe              |     1 |     6 |     6 |       |       |       ||    13
         Ring mail         |       |       |     2 |     7 |       |       ||     9
         Troll leather arm |       |       |       |     2 |    19 |    39 ||    60
         Skin              |       |       |       |       |       |     2 ||     2
  Dodge: Dodged            |     5 |     5 |    17 |     1 |    12 |    26 ||    66
  Block: Kite shield       |       |       |       |    70 |   184 |   138 ||   392
